 Dungeon Crawl Stone Soup version 0.19-a0-975-gfff5315 (webtiles) character file.

7616 4thArraOfDagon the Cleaver (level 10, -1/132 HPs)
             Began as a Purple Draconian Berserker on July 13, 2016.
             Was an Elder of Trog.
             Hit by a tomahawk of returning thrown by an orc warrior (11 damage)
             ... on level 2 of the Orcish Mines.
             The game lasted 00:14:30 (3164 turns).

4thArraOfDagon the Cleaver (DrBe)                   Turns: 3164, Time: 00:14:30

Health: -1/132     AC:  9    Str: 24    XL:     10   Next: 98%
Magic:  10/10      EV: 18    Int:  8    God:    Trog [****..]
Gold:   375        SH:  0    Dex: 14    Spells: 0 memorised, 9 levels left

rFire  . . .     SeeInvis .     C - +0 battleaxe
rCold  . . .     Gourm    .     (armour unavailable)
rNeg   . . .     Faith    .     (shield currently unavailable)
rPois  +         Spirit   .     (helmet restricted)
rElec  +         Dismiss  .     (no cloak)
rCorr  .         Reflect  .     B - +0 pair of gloves
SustAt .         Harm     .     D - +0 pair of boots
MR     +++..                    (no amulet)
Stlth  ..........               k - +1 ring of evasion
                                I - ring of poison resistance

@: berserking (expiring), regenerating, very quick, extremely resistant to
hostile enchantments, extremely unstealthy
A: breathe power, unfitting armour, big wings, mutation resistance 1,
regeneration 1, electricity resistance, cold-blooded, AC +7
a: Breathe Dispelling Energy, Fly, Berserk, Trog's Hand, Brothers in Arms, Burn
Spellbooks, Renounce Religion


You were on level 2 of the Orcish Mines.
You worshipped Trog.
Trog was greatly pleased with you.
You were hungry.

You visited 2 branches of the dungeon, and saw 14 of its levels.

You collected 375 gold pieces.

Inventory:

Hand Weapons
 a - a +0 hand axe
 y - a +0 blowgun
 C - a +0 battleaxe (weapon)
 G - a +0 scimitar of flaming
Missiles
 h - 4 throwing nets (quivered)
 A - 3 curare-tipped needles
Armour
 B - a +0 pair of gloves (worn)
 D - a +0 pair of boots (worn)
Jewellery
 i - an uncursed ring of wizardry
 k - a +1 ring of evasion (right hand)
 u - an uncursed ring of protection from magic
 I - a ring of poison resistance (left hand)
Wands
 z - a wand of hasting (1/9)
Scrolls
 b - a scroll of noise {unknown}
 c - 3 scrolls of enchant weapon {unknown}
 g - 2 scrolls of fear {unknown}
 m - 3 scrolls of remove curse
 p - a scroll of blinking {unknown}
 q - a scroll of random uselessness {unknown}
 t - 2 scrolls of recharging {unknown}
 v - a scroll of magic mapping {unknown}
 w - 2 scrolls of enchant armour {unknown}
 x - a scroll of amnesia {unknown}
 E - 3 scrolls of teleportation {unknown}
Potions
 d - 2 potions of flight {unknown}
 e - 2 potions of curing
 j - 2 potions of haste
 l - a potion of degeneration {unknown}
 n - a potion of berserk rage {unknown}
 s - a potion of brilliance
 H - a potion of cancellation {unknown}
Comestibles
 f - 2 meat rations
 o - 7 bread rations
 r - 5 beef jerkies
 F - a chunk of flesh


   Skills:
 - Level 8.1 Fighting
 * Level 12.7 Axes
 + Level 8.8 Dodging


You had 9 spell levels left.
You didn't know any spells.

Dungeon Overview and Level Annotations

Branches:
Dungeon (12/15)            Temple (0/1) D:4             Orc (2/2) D:12
   Lair: D:8-11         Elf: Orc:2

Altars:
Dithmenos
Gozag
Hepliaklqana
Okawaru
Qazlal
Sif Muna

Shops:
D:6 (   D:11 %

Portals:
Trove: D:12 (give wand of heal wounds (9))

Annotations:
D:8 tstbtto's ghost, novice MiFi


Innate Abilities, Weirdness & Mutations

You can breathe bolts of dispelling energy.
Your rich purple scales are hard. (AC +7)
Your body does not fit into most forms of armour.
You are cold-blooded and may be slowed by cold attacks.
Your large and strong wings let you fly indefinitely.
You are somewhat resistant to further mutation.
Your natural rate of healing is unusually fast.
You are resistant to electric shocks. (rElec)


Message History

Unknown command.
You closely miss the orc sorcerer.
Your tail-slap misses the orc sorcerer.
The orc sorcerer is heavily wounded.
You closely miss the ufetubus. You closely miss the neqoxec.
The ufetubus hits you but does no damage.
The ufetubus misses you. The neqoxec misses you.
The orc sorcerer gestures at you while chanting.
The bolt of fire hits you!
* * * LOW HITPOINT WARNING * * *
The shadow imp gestures at you. You resist with almost no effort.
Unknown command.
Unknown command.
You barely miss the orc sorcerer.
The orc sorcerer is heavily wounded.
You closely miss the neqoxec. You closely miss the ufetubus.
The ufetubus barely misses you. x2
The orc warrior throws a tomahawk of returning.
The tomahawk of returning hits you!
You die...

.. .........
... .... ....
...# #........
....$##.. .....
.....#.........
.....4.5#...o#
....5.3o5....#
#......@).#
#......)...#
###......###
#$......#
#....#####
..... ...# ..#


You could see a neqoxec, an orc sorcerer, a red devil, an orc warrior, a crimson
imp, a shadow imp and an ufetubus.

Vanquished Creatures
  A hydra (D:12)
  A hill giant (D:12)
  2 orc knights
  3 ugly things (D:12)
  An efreet (D:12)
  Grinder (D:3)
  2 trolls
  2 hippogriffs (D:12)
  A porcupine (D:10)
  5 orc warriors
  2 ice beasts
  A phantom (D:12)
  A black bear (D:8)
  3 sky beasts
  3 ogres
  4 centaurs
  2 crocodiles (D:10)
  A big kobold (D:7)
  2 giant frogs
  A scorpion (D:12)
  A crimson imp (D:7)
  A giant frog zombie (D:5)
  2 quasits
  6 hounds
  2 jellies (D:5)
  3 giant frog skeletons
  2 orc priests (D:12)
  10 orc wizards
  2 iguanas
  6 worker ants
  2 hound skeletons
  A worker ant zombie (D:5)
  3 gnolls (D:3)
  4 river rats (D:10)
  2 shadow imps
  An adder skeleton (D:8)
  An adder zombie (D:5)
  2 dart slugs
  6 giant geckos
  21 orcs
  A giant cockroach (D:5)
  2 goblins
  2 hobgoblins (D:3)
  7 jackals
  2 kobolds (D:7)
  A quokka (D:7)
  3 bats
  A giant gecko zombie (D:5)
  4 giant newts
  5 rats
145 creatures vanquished.

Vanquished Creatures (others)
  A hound zombie (D:9)
  A bush (D:10)
  A fungus (D:10)
  3 plants (D:10)
6 creatures vanquished.

Grand Total: 151 creatures vanquished

Notes
Turn   | Place    | Note
-------+----------+-------------------------------------------
     0 | D:1      | 4thArraOfDagon the Draconian Berserker began the quest for the Orb.
     0 | D:1      | Reached XP level 1. HP: 19/19 MP: 1/1
   113 | D:1      | Reached XP level 2. HP: 24/26 MP: 2/2
   116 | D:1      | Found an iron altar of Okawaru.
   198 | D:3      | Reached XP level 3. HP: 7/33 MP: 3/3
   200 | D:3      | Reached ** piety under Trog
   211 | D:3      | HP: 1/33 [hobgoblin (4)]
   284 | D:3      | Found an opulent altar of Gozag.
   317 | D:4      | Reached skill level 4 in Axes
   317 | D:4      | Reached XP level 4. HP: 40/40 MP: 4/4
   347 | D:3      | Noticed Grinder
   399 | D:3      | Killed Grinder
   399 | D:3      | Reached skill level 5 in Axes
   399 | D:3      | Reached XP level 5. HP: 47/47 MP: 5/5
   399 | D:3      | Reached XP level 6. HP: 53/53 MP: 6/6
   419 | D:3      | Found a shadowy altar of Dithmenos.
   512 | D:4      | Found a staircase to the Ecumenical Temple.
   591 | D:5      | Entered Level 5 of the Dungeon
   591 | D:5      | Noticed a sky beast
   604 | D:5      | Killed a sky beast
   604 | D:5      | Reached skill level 5 in Fighting
   611 | D:5      | Gained mutation: You are resistant to electric shocks. (rElec) [mutagenic meat]
   614 | D:5      | Gained mutation: You are somewhat resistant to further mutation. [mutagenic meat]
   678 | D:5      | Reached skill level 6 in Axes
   678 | D:5      | Your scales start taking on a rich purple colour.
   678 | D:5      | Reached XP level 7. HP: 61/61 MP: 7/7
   828 | D:5      | Found a hazy altar of Hepliaklqana.
   901 | D:5      | Gained mutation: Your large and strong wings let you fly indefinitely. [mutagenic meat]
   910 | D:5      | Gained mutation: Your natural rate of healing is unusually fast. [mutagenic meat]
  1004 | D:5      | Reached skill level 7 in Axes
  1008 | D:5      | Reached skill level 5 in Dodging
  1135 | D:5      | Reached XP level 8. HP: 70/70 MP: 8/8
  1322 | D:6      | Found a stormy altar of Qazlal.
  1327 | D:6      | Found Kocronnis's Antique Weapon Shoppe.
  1688 | D:7      | Reached skill level 8 in Axes
  1944 | D:8      | Reached *** piety under Trog
  2116 | D:8      | Reached XP level 9. HP: 79/79 MP: 9/9
  2189 | D:8      | Noticed tstbtto's ghost (novice MiFi)
  2213 | D:9      | Reached skill level 9 in Axes
  2253 | D:10     | Entered Level 10 of the Dungeon
  2291 | D:10     | Noticed a troll
  2310 | D:10     | Killed a troll
  2427 | D:10     | Found a deep blue altar of Sif Muna.
  2444 | D:10     | Reached **** piety under Trog
  2534 | D:10     | Reached skill level 10 in Axes
  2574 | D:11     | Found Boen's Food Boutique.
  2609 | D:12     | Noticed a cyan ugly thing
  2614 | D:12     | Killed a cyan ugly thing
  2680 | D:12     | Noticed a hill giant
  2686 | D:12     | Killed a hill giant
  2686 | D:12     | Reached XP level 10. HP: 78/88 MP: 10/10
  2747 | D:12     | Reached skill level 11 in Axes
  2848 | D:12     | Noticed a red ugly thing
  2861 | D:12     | Killed a red ugly thing
  2901 | D:12     | Found a portal to a secret trove of treasure.
  2903 | D:12     | Noticed a purple ugly thing
  2911 | D:12     | Killed a purple ugly thing
  2981 | D:12     | Noticed a five-headed hydra
  3004 | D:12     | Killed a one-headed hydra
  3004 | D:12     | Reached skill level 12 in Axes
  3057 | D:12     | Found a staircase to the Orcish Mines.
  3061 | Orc:1    | Entered Level 1 of the Orcish Mines
  3094 | Orc:2    | Entered Level 2 of the Orcish Mines
  3094 | Orc:2    | Noticed an orc knight
  3094 | Orc:2    | Noticed an orc sorcerer
  3096 | Orc:2    | Noticed a rust devil
  3098 | Orc:2    | Noticed an orc knight
  3109 | Orc:1    | Killed an orc knight
  3157 | Orc:2    | Killed an orc knight
  3164 | Orc:2    | Hit by a tomahawk of returning thrown by an orc warrior

Vault maps used:
D:1:      dpeg_arrival_signposts, okawaru_ov_weapons_minmay
D:2:      lemuel_doored_altar, xom_redecorated, uniq_crazy_yiuf_cottage
D:3:      minitemple, nicolae_dithmenos_shadow_blocks, uniq_grinder
D:4:      first_bread
D:5:      minmay_opposing_rooms, kennysheep_little_box, uniq_sigmund
D:6:      nicolae_whirlpool, serial_shops, shop, grunt_qazlal_sundering
D:7:      eat_drink_and_be_merry_uskayaw, minivault_27, grunt_ogre_cave
D:8:      gammafunk_pakellas_its_alive, uniq_maurice
D:9:      evilmike_ruin_ashenzari
D:10:     kennysheep_orc_sif_temple, minmay_lair_entry_grove
D:11:     serial_shops, shop, shop, shop, shop_statue, kennysheep_mini
D:12:     orc_0_dummy, nicolae_trove_entry_crossroad
Orc:1:    uniq_erica
Orc:2:    grunt_orc_cross

Skill      XL: |  1  2  3  4  5  6  7  8  9 10 |
---------------+-------------------------------+-----
Dodging        | 3 4 5 6 7 8 |  8.8
Axes           | 4 5 6 7 8 10 12 | 12.7
Fighting       | 4 5 6 7 8 |  8.1

Action                   |  1- 3 |  4- 6 |  7- 9 | 10-12 || total
-------------------------+-------+-------+-------+-------++-------
Melee: Hand axe          |    41 |    54 |   249 |       ||   344
       Tailslap          |     4 |     4 |    51 |    12 ||    71
       Battleaxe         |       |       |    65 |    60 ||   125
       Scimitar          |       |       |       |     5 ||     5
Throw: Throwing net      |       |       |     1 |       ||     1
Invok: Berserk           |     3 |     4 |    15 |     6 ||    28
       Trog's Hand       |     1 |     3 |     2 |     3 ||     9
 Abil: Breathe Dispellin |       |       |     1 |     2 ||     3
  Use: Scroll            |       |       |     5 |       ||     5
 Stab: Sleeping          |     1 |       |       |       ||     1
  Eat: Chunk             |       |     6 |    28 |     7 ||    41
       Bread ration      |       |     1 |       |       ||     1
       Beef jerky        |       |       |     1 |     1 ||     2
Armor: Skin              |    11 |    13 |   108 |    20 ||   152
Dodge: Dodged            |    26 |    52 |   317 |    56 ||   451
